Map: Frost LE

Players

Miracle

  • Race: Zerg Zerg
  • League: Diamond

blackxored - Winner!

  • Race: Zerg Zerg
  • League: Diamond

VOD

Have the link to the VOD?

Description

Time

  • Played on: July 1, 2016, 9:45 p.m.
  • Length: 12:22
Show
View Real Time Build Order
Export as new Build Order

Miracle Zerg 

Build Orders: Hatch First, Zergling Baneling 

Get SALT Encoding   

  12  0:00  Drone  
  13  0:13  Overlord  
  13  0:22  Drone  
  14  0:32  Drone  
  14  0:33  Drone  
  16  0:41  Drone  
  17  0:55  Hatchery  
  16  0:59  Drone  
  17  1:12  Spawning Pool  
  17  1:16  Extractor  
  15  1:18  Drone  
  15  1:20  Drone  
  15  1:24  Drone  
  19  1:40  Drone  
  19  1:43  Overlord  
  19  1:59  Queen  
  21  2:03  Drone  
  21  2:04  Drone  
  23  2:09  Queen  
  23  2:10  Drone  
  23  2:12  Drone  
  27  2:17  Metabolic Boost  
  27  2:22  Zergling x2  
  28  2:32  Drone x2  
  28  2:35  Overlord  
  30  2:42  Drone  
  31  2:50  Drone x2  
  31  2:51  Baneling Nest  
  32  3:01  Queen  
  34  3:06  Zergling x2  
  34  3:07  Zergling x4  
  37  3:17  Zergling x4  
  37  3:18  Zergling x4  
  41  3:25  Zergling x4  
  43  3:31  Zergling x2  
  43  3:33  Overlord x2  
  43  3:44  Zergling x2  
  45  4:17  Zergling x10  
  45  4:18  Zergling x10  
  45  4:22  Zergling x2  
  55  4:27  Zergling x2  
  55  4:31  Zergling x2  
  57  4:33  Zergling x6  
  60  4:45  Overlord x3  
  60  4:57  Baneling x5  
  60  4:58  Baneling x5  
  60  5:02  Zergling x6  
  60  5:05  Zergling x14  
  59  5:13  Zergling x2  
  50  5:20  Zergling x2  
  46  5:24  Zergling x2  
  46  5:28  Zergling x2  
  48  5:30  Baneling  
  48  5:31  Zergling x2  
  48  5:33  Zergling x2  
  48  5:34  Zergling x4  
  50  5:51  Zergling x2  
  50  5:52  Baneling x4  
  50  5:56  Zergling x6  
  50  5:57  Zergling x4  
  55  6:02  Zergling x2  
  55  6:06  Zergling x2  
  53  6:16  Zergling x8  
  53  6:22  Baneling  
  53  6:24  Zergling x2  
  53  6:25  Zergling x6  
  53  6:28  Zergling x2  
  53  6:32  Evolution Chamber  
  43  6:33  Evolution Chamber  
  43  6:35  Zergling x2  
  43  6:39  Baneling  
  42  6:40  Baneling  
  42  6:41  Drone  
  42  6:44  Roach Warren  
  41  6:47  Extractor  
  39  7:09  Drone x2  
  39  7:10  Drone x2  
  43  7:19  Drone x3  
  43  7:20  Drone  
  43  7:21  Lair, Drone  
  48  7:23  Drone x2  
  48  7:26  Drone  
  48  7:27  Drone  
  48  7:40  Drone x2  
  48  7:42  Roach x3  
  53  7:45  Zerg Missile Weapons Level 1  
  53  7:47  Extractor  
  51  7:53  Drone x2  
  51  7:54  Drone  
  55  7:58  Roach x2  
  55  7:59  Roach  
  55  8:05  Drone x2, Hatchery  
  61  8:22  Roach x3  
  61  8:24  Hatchery  
  61  8:27  Extractor, Roach  
  68  8:33  Overlord x2  
  67  8:35  Overlord x3  
  67  8:38  Zerg Ground Armor Level 1  
  67  8:43  Overseer  
  67  9:00  Roach  
  69  9:07  Roach  
  71  9:10  Roach x3  
  71  9:11  Roach  
  71  9:12  Roach x2  
  83  9:21  Roach x2  
  83  9:24  Roach x3  
  93  9:29  Roach  
  93  9:30  Roach x2  
  85  9:36  Roach x2  
  80  9:49  Roach  
  80  9:50  Roach  
  80  9:51  Queen  
  78  9:57  Roach x2  
  78  9:59  Drone  
  81  10:15  Roach x3  
  81  10:19  Roach  
  77  10:24  Roach  
  77  10:25  Roach  
  63  10:33  Roach  
  61  10:44  Drone x2  
  63  10:56  Glial Reconstitution  
  63  11:10  Roach x6  
  75  11:32  Hatchery  
  74  11:45  Roach x2  
  74  11:55  Drone x7  
Show
View Real Time Build Order
Export as new Build Order

blackxored Zerg - Winner!

Build Orders: Hatch First 

Get SALT Encoding   

  13  0:07  Drone  
  13  0:17  Overlord  
  13  0:22  Extractor  
  13  0:23  Drone  
  14  0:37  Drone x2  
  16  0:52  Hatchery  
  16  0:55  Drone  
  16  0:59  Drone  
  17  1:10  Extractor  
  16  1:15  Spawning Pool  
  16  1:18  Drone  
  16  1:21  Drone  
  18  1:25  Drone  
  18  1:50  Drone x2  
  20  2:02  Queen  
  20  2:05  Zergling x4  
  20  2:07  Spine Crawler  
  23  2:08  Queen  
  23  2:13  Metabolic Boost  
  25  2:21  Zergling x4  
  27  2:31  Drone  
  27  2:33  Drone, Evolution Chamber  
  28  2:43  Overlord  
  28  3:00  Zerg Melee Weapons Level 1  
  28  3:11  Drone x7  
  28  3:12  Drone  
  35  3:26  Overlord  
  35  3:38  Hatchery  
  34  3:48  Drone  
  34  3:49  Drone x4  
  39  4:02  Drone x2  
  41  4:03  Drone  
  41  4:09  Overlord x2  
  42  4:10  Overlord  
  42  4:29  Zergling x14  
  49  4:35  Zergling x4  
  49  4:36  Zergling x2  
  52  4:43  Zergling x2  
  53  4:48  Zergling x8  
  57  4:54  Zergling x4  
  57  4:58  Zergling x2  
  60  5:05  Zergling x10  
  56  5:16  Zergling x6  
  52  5:22  Zergling x2  
  52  5:27  Zergling x2  
  52  5:28  Zergling x2  
  55  5:29  Queen  
  55  5:32  Zergling x2  
  55  5:33  Zergling x6  
  61  5:41  Zergling x4  
  63  5:44  Queen  
  63  5:48  Spine Crawler  
  61  6:04  Zergling x2  
  61  6:05  Zergling x20  
  62  6:18  Zergling x8  
  62  6:25  Zergling x2  
  63  6:38  Zergling x10  
  67  6:48  Lair  
  67  6:49  Drone x3  
  69  7:05  Zergling x8  
  54  7:13  Zergling x2  
  54  7:14  Zergling x14  
  62  7:16  Zerg Ground Armor Level 1  
  62  7:36  Zergling x12  
  65  7:44  Zergling x10  
  70  8:04  Drone x2  
  70  8:05  Extractor, Drone  
  72  8:06  Drone x2  
  74  8:18  Overlord x2  
  73  8:43  Zergling x18  
  73  8:44  Zergling x6  
  85  8:49  Spire  
  83  9:05  Zergling x8  
  85  9:10  Zergling x2  
  85  9:11  Zergling x2  
  86  9:28  Zergling x12  
  87  9:33  Zergling x4  
  85  9:44  Zergling x6  
  86  9:50  Zergling x2  
  86  9:51  Zergling x4  
  82  9:59  Zergling x2  
  79  10:00  Zergling x2  
  74  10:16  Zergling x8  
  68  10:24  Zergling x6  
  65  10:31  Zergling x4  
  57  10:39  Mutalisk  
  57  10:40  Mutalisk x5  
  69  10:44  Zergling x4  
  71  10:51  Zergling x2  
  71  11:00  Mutalisk x2  
  73  11:13  Mutalisk x4  
  81  11:19  Drone  
  78  11:52  Mutalisk  
  78  11:53  Mutalisk  
Tags
 
Add a new tag
Caveats
  • Supply blocks, unpowered buildings, or Contaminate may cause inaccurate times.
  • Supply counts are checked every 10 seconds.